Map: Romanticide LE

Players

RAGNAROK (SHIN)

  • Race: Zerg Zerg
  • League: Grandmaster
  • Spawn Location: 5:00

Zest - Winner!

  • Race: Protoss Protoss
  • League: Master
  • Spawn Location: 11:00

Event: TSL 6

VOD

Have the link to the VOD?

Description

Time

  • Played on: Dec. 12, 2020, 9:17 a.m.
  • Length: 12:34

All games in this series

Show
View Real Time Build Order
Export as new Build Order

RAGNAROK Zerg 

Build Orders: Hatch First, Muta Ling Bane 

Get SALT Encoding   

  12  0:00  Drone  
  13  0:12  Overlord  
  13  0:16  Drone  
  14  0:30  Drone x2  
  16  0:44  Drone  
  16  0:49  Drone  
  18  0:57  Drone  
  18  1:01  Hatchery  
  18  1:03  Extractor  
  17  1:13  Spawning Pool  
  17  1:17  Drone  
  17  1:20  Drone  
  18  1:28  Drone  
  19  1:38  Drone  
  20  1:50  Drone  
  21  1:57  Hatchery  
  20  2:01  Queen  
  22  2:13  Queen  
  25  2:15  Zergling x2  
  25  2:20  Overlord  
  25  2:24  Drone  
  25  2:26  Drone  
  27  2:30  Metabolic Boost  
  27  2:34  Drone  
  28  2:41  Drone x2  
  28  2:43  Zergling x2  
  31  2:48  Queen  
  33  2:56  Drone x2  
  35  3:00  Overlord  
  35  3:10  Drone x2  
  35  3:11  Drone  
  35  3:12  Queen  
  40  3:15  Drone  
  40  3:17  Drone  
  42  3:20  Overlord  
  42  3:22  Drone  
  42  3:24  Drone  
  42  3:26  Drone  
  45  3:28  Drone  
  45  3:31  Drone x2  
  48  3:36  Spore Crawler  
  48  3:38  Spore Crawler  
  48  3:40  Overlord  
  46  3:42  Drone  
  46  3:45  Spore Crawler  
  46  3:46  Drone  
  47  3:48  Drone  
  47  3:50  Drone  
  47  3:53  Drone  
  50  3:58  Overlord, Queen  
  50  4:01  Drone  
  50  4:02  Drone  
  54  4:04  Zergling x2  
  54  4:05  Zergling x2  
  54  4:06  Zergling x2  
  54  4:08  Drone  
  58  4:13  Overlord  
  58  4:16  Overlord, Drone  
  58  4:17  Drone  
  60  4:20  Drone  
  60  4:23  Drone x3  
  63  4:26  Overlord  
  63  4:35  Lair  
  63  4:37  Drone x3  
  66  4:39  Drone  
  66  4:40  Extractor  
  66  4:42  Drone  
  66  4:43  Extractor  
  66  4:44  Extractor  
  65  4:46  Drone  
  65  4:47  Drone x2  
  65  4:50  Drone x2  
  65  4:51  Drone  
  71  4:55  Roach Warren  
  71  4:57  Drone x2  
  71  4:58  Drone  
  73  5:03  Drone  
  73  5:04  Drone  
  73  5:05  Extractor, Drone x3  
  73  5:06  Extractor  
  76  5:11  Drone x3  
  79  5:16  Drone  
  79  5:17  Drone  
  79  5:18  Drone  
  79  5:20  Overlord  
  82  5:23  Drone  
  83  5:33  Drone x3  
  86  5:36  Hatchery  
  86  5:39  Spire  
  86  5:42  Queen, Glial Reconstitution  
  84  5:44  Queen  
  84  5:48  Overlord  
  87  5:50  Overlord  
  87  5:53  Evolution Chamber  
  86  6:01  Hydralisk Den, Zergling x6  
  86  6:02  Zergling x8  
  90  6:05  Overlord  
  90  6:14  Overlord x2  
  88  6:29  Queen x2  
  88  6:30  Queen  
  90  6:40  Overlord  
  90  6:44  Drone x2  
  90  6:46  Hatchery  
  91  6:51  Mutalisk x11  
  113  6:57  Overlord  
  113  7:01  Zerg Flyer Weapons Level 1  
  113  7:02  Mutalisk x2  
  117  7:14  Mutalisk x2  
  121  7:23  Hatchery, Mutalisk  
  121  7:27  Mutalisk  
  121  7:29  Drone x5  
  129  7:38  Overlord x4  
  129  7:51  Overlord  
  127  7:52  Overlord  
  127  7:53  Drone x2  
  127  7:54  Overlord  
  127  7:57  Mutalisk x5  
  139  7:59  Drone x2  
  139  8:02  Extractor x2, Drone x3  
  139  8:03  Mutalisk  
  144  8:08  Overlord  
  144  8:10  Baneling Nest  
  143  8:13  Mutalisk  
  141  8:23  Mutalisk  
  141  8:26  Mutalisk  
  143  8:30  Drone x4  
  143  8:31  Drone x7  
  154  8:36  Zerg Melee Weapons Level 1  
  154  8:37  Drone  
  154  8:38  Drone  
  154  8:40  Mutalisk x2  
  158  8:54  Extractor x2  
  156  8:59  Grooved Spines, Centrifical Hooks  
  156  9:01  Drone  
  157  9:04  Hydralisk x3, Evolution Chamber  
  157  9:08  Drone x3  
  157  9:09  Drone  
  162  9:10  Drone  
  162  9:15  Hydralisk x5  
  164  9:21  Drone x2  
  166  9:24  Hydralisk x2  
  166  9:25  Infestation Pit  
  166  9:26  Hydralisk  
  166  9:27  Zergling x20  
  181  9:31  Zerg Missile Weapons Level 1  
  181  9:36  Spore Crawler  
  181  9:37  Drone x3  
  181  9:38  Spore Crawler  
  182  9:39  Hydralisk  
  182  9:40  Zergling x10, Spore Crawler  
  182  9:45  Hydralisk  
  190  9:49  Hydralisk x2  
  190  9:50  Zergling x6  
  190  9:51  Overlord x2  
  197  9:53  Overlord  
  197  9:56  Baneling x8  
  197  10:01  Hive  
  197  10:03  Overlord  
  193  10:07  Hydralisk  
  193  10:08  Zergling x4  
  193  10:11  Muscular Augments  
  193  10:12  Overseer  
  197  10:14  Baneling x15  
  197  10:15  Zergling x2  
  194  10:22  Zergling x2, Hydralisk  
  194  10:23  Zergling x4  
  191  10:28  Baneling  
  191  10:29  Baneling x9  
  191  10:30  Baneling x10  
  191  10:35  Hydralisk  
  187  10:36  Zergling x10  
  187  10:39  Baneling x2  
  187  10:40  Baneling x6  
  188  10:46  Zergling x8, Hydralisk  
  194  10:52  Hydralisk  
  194  10:53  Zergling x6  
  199  10:57  Overlord  
  191  11:05  Hydralisk x2  
  191  11:06  Zergling x20  
  191  11:10  Hydralisk  
  191  11:11  Zergling x6  
  194  11:16  Hydralisk  
  194  11:17  Zergling x8  
  180  11:26  Zergling x16, Hydralisk  
  180  11:27  Zergling x2  
  180  11:29  Zergling x6  
  180  11:30  Zergling x4  
  158  11:41  Hydralisk  
  158  11:42  Hydralisk x3  
  158  11:45  Hydralisk  
  158  11:46  Zergling x4  
  138  11:48  Zergling x2, Hydralisk  
  138  11:50  Zergling x4  
  138  11:51  Hydralisk  
  138  11:54  Hydralisk  
  121  11:55  Hydralisk  
  121  11:57  Hydralisk  
  121  11:58  Hydralisk  
  121  12:00  Zergling x2  
  121  12:01  Hydralisk  
  120  12:03  Hydralisk  
  120  12:05  Hydralisk  
  120  12:06  Zergling x2  
  120  12:07  Zergling x2  
  120  12:08  Zergling x2  
  125  12:09  Hydralisk  
  125  12:11  Zergling x4  
  125  12:12  Zergling x2  
  125  12:13  Zergling x2  
  125  12:15  Zergling x4  
  121  12:16  Zergling x2  
Show
View Real Time Build Order
Export as new Build Order

Zest Protoss - Winner!

Build Orders: 1 Gate Expand, Oracle Opening 

Get SALT Encoding   

  12  0:00  Probe  
  13  0:12  Probe  
  14  0:19  Pylon  
  14  0:24  Probe  
  15  0:37  Probe (Chrono Boost)  
  15  0:39  Gateway  
  16  0:46  Probe (Chrono Boost)  
  17  0:50  Assimilator  
  17  0:52  Probe  
  18  1:04  Probe  
  19  1:16  Probe  
  20  1:26  Nexus  
  20  1:37  Cybernetics Core  
  20  1:39  Probe  
  21  1:46  Assimilator  
  21  1:52  Probe  
  22  1:55  Pylon  
  22  2:04  Probe (Chrono Boost)  
  23  2:11  Adept (Chrono Boost)  
  26  2:16  Probe (Chrono Boost)  
  26  2:19  Stargate  
  26  2:22  Probe (Chrono Boost)  
  27  2:25  Warp Gate  
  27  2:30  Probe  
  27  2:36  Stalker  
  30  2:39  Probe  
  30  2:42  Probe  
  32  2:51  Probe  
  32  2:54  Probe, Void Ray (Chrono Boost)  
  34  3:03  Probe  
  39  3:06  Probe  
  39  3:12  Pylon  
  40  3:14  Gateway  
  40  3:18  Probe  
  40  3:19  Probe  
  42  3:27  Oracle (Chrono Boost)  
  42  3:30  Probe  
  42  3:31  Probe  
  47  3:42  Probe  
  47  3:43  Probe  
  49  3:50  Nexus  
  49  3:53  Pylon  
  49  3:57  Probe (Chrono Boost)  
  51  4:03  Probe (Chrono Boost)  
  51  4:05  Assimilator  
  51  4:06  Probe (Chrono Boost)  
  51  4:07  Assimilator  
  53  4:10  Probe (Chrono Boost), Stargate  
  53  4:11  Probe (Chrono Boost)  
  53  4:15  Pylon  
  54  4:20  Void Ray (Chrono Boost)  
  54  4:21  Probe  
  54  4:23  Probe  
  60  4:32  Pylon  
  60  4:33  Probe  
  60  4:35  Probe  
  62  4:41  Pylon  
  62  4:45  Probe  
  62  4:48  Shield Battery  
  62  4:50  Void Ray (Chrono Boost)  
  62  4:51  Probe  
  64  4:54  Void Ray (Chrono Boost)  
  64  4:57  Probe  
  69  5:04  Probe  
  69  5:05  Probe  
  75  5:12  Probe  
  76  5:16  Probe  
  76  5:17  Pylon, Probe  
  76  5:19  Void Ray (Chrono Boost)  
  78  5:21  Void Ray (Chrono Boost)  
  78  5:24  Probe  
  78  5:28  Probe  
  84  5:33  Probe  
  84  5:35  Assimilator  
  89  5:36  Twilight Council, Probe  
  89  5:37  Assimilator, Forge  
  89  5:40  Probe  
  91  5:45  Probe  
  91  5:48  Pylon, Probe  
  93  5:52  Pylon, Probe  
  94  5:57  Probe  
  94  5:58  Protoss Ground Weapons Level 1  
  94  6:00  Probe, Robotics Facility  
  96  6:04  Probe  
  96  6:09  Charge (Chrono Boost), Probe  
  98  6:12  Gateway  
  98  6:13  Gateway  
  98  6:15  Templar Archives  
  98  6:20  Adept x2  
  102  6:34  Gateway  
  102  6:35  Gateway  
  102  6:37  Gateway  
  102  6:40  Gateway  
  102  6:41  Psionic Storm, Probe  
  103  6:48  Immortal (Chrono Boost)  
  103  6:49  Zealot x2  
  103  6:54  Pylon  
  111  6:59  Photon Cannon  
  111  7:00  Shield Battery  
  111  7:03  Gateway  
  111  7:05  Gateway  
  111  7:06  Gateway  
  111  7:09  Gateway  
  111  7:11  Photon Cannon  
  111  7:13  High Templar x4  
  119  7:16  Warp Prism (Chrono Boost)  
  121  7:25  Pylon  
  121  7:35  Phoenix (Chrono Boost)  
  125  7:42  Stalker x4  
  125  7:44  Phoenix (Chrono Boost)  
  130  7:59  Phoenix (Chrono Boost), Photon Cannon  
  130  8:00  Photon Cannon  
  130  8:02  Phoenix (Chrono Boost), Shield Battery  
  124  8:20  Fleet Beacon  
  123  8:27  Phoenix x2 (Chrono Boost)  
  123  8:30  Probe x3  
  130  8:34  Photon Cannon  
  130  8:38  Photon Cannon  
  130  8:42  Probe  
  130  8:46  Phoenix x2  
  135  8:58  High Templar x2  
  135  8:59  Pylon  
  135  9:01  Pylon  
  135  9:02  Pylon  
  139  9:04  Pylon  
  139  9:11  Phoenix  
  139  9:16  Anion Pulse-Crystals (Chrono Boost)  
  141  9:25  Nexus  
  141  9:26  Pylon, Photon Cannon  
  141  9:28  Photon Cannon  
  141  9:29  Pylon  
  138  9:36  Phoenix  
  138  9:38  Phoenix  
  142  9:42  Protoss Ground Weapons Level 2 (Chrono Boost)  
  142  9:47  Zealot x3  
  142  9:48  Zealot x8  
  165  10:00  Observer  
  165  10:02  Phoenix (Chrono Boost)  
  165  10:08  Phoenix (Chrono Boost)  
  165  10:10  Zealot x3, High Templar x2  
  175  10:14  Archon  
  175  10:27  Archon  
  173  10:34  Mothership (Chrono Boost)  
  180  10:54  Assimilator  
  180  10:55  Photon Cannon  
  180  10:56  Assimilator  
  180  10:57  High Templar x2  
  180  10:59  Photon Cannon  
  180  11:02  Immortal  
  178  11:17  Zealot, High Templar x2  
  178  11:18  Zealot  
  184  11:26  Archon  
  170  11:46  Zealot x10  
  169  11:47  Warp Prism  
  149  12:04  Archon  
  149  12:07  Zealot x7  
  149  12:08  Nexus  
Tags
 
Add a new tag
Caveats
  • Supply blocks, unpowered buildings, or Contaminate may cause inaccurate times.
  • Supply counts are checked every 10 seconds.